 Dungeon Crawl Stone Soup version 0.19.5 (webtiles) character file.

0 Gargoyl the Skirmisher (level 1, -1/19 HPs)
             Began as a Ghoul Abyssal Knight on Mar 16, 2017.
             Was a Follower of Lugonu.
             Killed from afar by a wretched star (12 damage)
             ... with an orb of energy
             ... on level 2 of the Abyss.
             The game lasted 00:00:32 (132 turns).

Gargoyl the Skirmisher (Ghoul Abyssal Knight)        Turns: 132, Time: 00:00:33

Health: -1/19      AC:  3    Str: 14 (15) XL:     1   Next: 0%
Magic:  1/1        EV: 11    Int:  7      God:    Lugonu [*.....]
Gold:   17         SH:  0    Dex:  8      Spells: 0 memorised, 0 levels left

rFire  . . .     SeeInvis .     a - +1 hand axe
rCold  + . .     Gourm    .     b - +0 leather armour
rNeg   + + +     Faith    .     (no shield)
rPois  ∞         Spirit   .     (no helmet)
rElec  .         Reflect  .     (no cloak)
rCorr  .         Harm     .     (no gloves)
MR     .....                    (no boots)
Stlth  +.........               (no amulet)
                                (no ring)
                                (no ring)

@: rotting
A: rotting body, claws 1, carnivore 3, cold resistance 1, negative energy
resistance 3, slow regeneration 1, torment resistance, unbreathing
a: Depart the Abyss, Renounce Religion


You were on level 2 of the Abyss.
You worshipped Lugonu.
Lugonu was aware of your devotion.
You were not hungry.

You visited 0 branches of the dungeon, and saw 0 of its levels.
You visited the Abyss 1 time.

You collected 17 gold pieces.

Inventory:

Hand Weapons
 a - a +1 hand axe (weapon)
Armour
 b - a +0 leather armour (worn)
Scrolls
 e - a scroll of identify {unknown}
Potions
 d - a potion of curing {unknown}
Comestibles
 c - 2 meat rations


   Skills:
 + Level 3.2 Fighting
 + Level 1.7 Axes
 + Level 1.7 Armour
 + Level 0.8 Dodging
 + Level 2.0 Invocations


You couldn't memorise any spells.
You didn't know any spells.

Dungeon Overview and Level Annotations

Branches:
Dungeon (0/15)

Altars:


Innate Abilities, Weirdness & Mutations

Your body is rotting away.
You thrive on raw meat.
You are immune to poison.
You have sharp fingernails.
You are carnivorous and can eat meat at any time.
Your flesh is cold resistant. (rC+)
You are immune to negative energy. (rN+++)
You regenerate slowly when monsters are visible.
You are immune to unholy pain and torment.
You can survive without breathing.


Message History

A tentacle flies out from the starspawn's body!
A starspawn tentacle comes into view.
A starspawn tentacle comes into view.
Found a lamp of fire.
A tentacle flies out from the starspawn's body!
A starspawn tentacle comes into view.
Found 15 stones.
Found a corrupted altar of Lugonu.
A polar bear and a wretched star come into view.
The polar bear growls angrily.
Found a gateway leading deeper into the Abyss.
The polar bear bites you. The polar bear closely misses you. x2
The wretched star pulses with an eldritch light!
Your body decomposes!
You feel weakened.
You see here 15 stones.
Unknown command.
The wretched star glows turbulently.
The orb of energy hits you!
Ouch! That really hurt!
You die...

#. .# . .. . .# #.
.##. #..# #### #
#.>###...#####
#.#.@....##_....
#..(*.........#
#.#..hX..##...#
##.#..........##
#..#...##.#...# ..
##...#.x.....##.#
......##..x#.#...
#.#.......##...#
..# #
##.##....#.#..###.}
..


You could see a wretched star, a large abomination, a polar bear and a small
abomination.

Vanquished Creatures (others)
  10 starspawn tentacles (Abyss:2)
10 creatures vanquished.

Notes
Turn   | Place    | Note
-------+----------+-------------------------------------------
     0 | Abyss:1  | Gargoyl the Ghoul Abyssal Knight began the quest for the Orb.
     0 | Abyss:1  | Reached XP level 1. HP: 19/19 MP: 1/1
    11 | Abyss:2  | Found a hide-covered altar of Uskayaw.
    63 | Abyss:2  | Noticed a tentacled starspawn
    73 | Abyss:2  | Noticed an ancient zyme
    81 | Abyss:2  | Noticed a small abomination
    97 | Abyss:2  | Noticed a small abomination
   106 | Abyss:2  | Noticed a large abomination
   106 | Abyss:2  | Noticed a large abomination
   112 | Abyss:2  | Noticed a small abomination
   117 | Abyss:2  | Noticed a small abomination
   124 | Abyss:2  | Found a corrupted altar of Lugonu.
   127 | Abyss:2  | Noticed a polar bear
   127 | Abyss:2  | Noticed a wretched star
   132 | Abyss:2  | Killed from afar by a wretched star

Action                   || total
-------------------------++-------
Melee: Hand axe          ||     1
Dodge: Dodged            ||     3
